 Dungeon Crawl Stone Soup version 0.30-a0-1157-g2cc9ac7196 (webtiles) character file.

Game seed: 8882132155216103503

696 backslashecho the Chopper (level 7, -2/61 HPs)
             Began as a Minotaur Fighter on Apr 24, 2023.
             Slain by an ogre
             ... wielding a +0 giant spiked club
              (28 damage)
             ... on level 3 of the Dungeon.
             The game lasted 00:07:59 (2900 turns).

backslashecho the Chopper (Minotaur Fighter)        Turns: 2900, Time: 00:07:59

Health: -2/61      AC: 12    Str: 23    XL:     7   Next: 37%
Magic:  6/6        EV:  9    Int:  5    God:
Gold:   93         SH:  4    Dex:  9    Spells: 6/6 levels left

rFire   . . .        a - +0 war axe
rCold   + . .        c - +0 buckler
rNeg    . . .        b - +0 scale mail
rPois   .            (helmet restricted)
rElec   .            i - +0 cloak
rCorr   .            (no gloves)
SInv    .            (no boots)
Will    .....        (no amulet) Stlth
                     l - ring of protection from cold
HPRegen 0.30/turn    p - +4 ring of protection
MPRegen 0.10/turn

%: no passive effects
@: no status effects
A: horns 2, retaliatory headbutt
a: no special abilities


You were on level 3 of the Dungeon.
You visited 2 branches of the dungeon, and saw 7 of its levels.

You collected 192 gold pieces.
You spent 99 gold pieces at shops.

Inventory:

Hand Weapons
 a - a +0 war axe (weapon)
Missiles
 r - 6 poisoned darts (quivered)
Armour
 b - a +0 scale mail (worn)
 c - a +0 buckler (worn)
 i - a +0 cloak (worn)
Jewellery
 f - a ring of ice
 l - a ring of protection from cold (left hand)
 p - a +4 ring of protection (right hand)
Wands
 u - a wand of charming (10)
Scrolls
 g - a scroll of blinking {unknown}
 h - a scroll of teleportation
 j - 2 scrolls of vulnerability {unknown}
 o - a scroll of enchant weapon {unknown}
 q - 2 scrolls of noise {unknown}
Potions
 d - a potion of degeneration {unknown}
 e - a potion of ambrosia
 k - 2 potions of curing
 m - 2 potions of attraction
 n - a potion of flight {unknown}
 s - a potion of might
 t - a potion of resistance {unknown}
 v - a potion of heal wounds {unknown}


   Skills:
 + Level 5.5 Fighting
 * Level 6.5 Axes
 + Level 1.9 Throwing
 + Level 5.5 Armour
 - Level 5.0 Shields
 - Level 1.0 Unarmed Combat


You had 6 spell levels left.
You didn't know any spells.
Your spell library contained the following spells:

 Spells                   Type           Power      Damage    Failure   Level
 Lesser Beckoning         Tloc           0%         N/A       93%         2
 Scorch                   Fire           0%         2d5       93%         2
 Gell's Gravitas          Tloc           0%         N/A       99%         3
 Ozocubu's Armour         Ice            0%         N/A       99%         3
 Teleport Other           Tloc           0%         N/A       99%         3
 Flame Wave               Conj/Fire      0%         2d4       100%        4
 Summon Cactus Giant      Summ           0%         N/A       100%        6
 Ozocubu's Refrigeration  Ice            0%         4d7       100%        7


Dungeon Overview and Level Annotations

Branches:
Dungeon (6/15) Zot: 26389  Temple (1/1) D:6 Zot: 5864

Altars:
Ashenzari
Elyvilon
Fedhas
Hepliaklqana
Kikubaaqudgha
Nemelex Xobeh
Sif Muna
Trog
Zin
Lugonu

Shops:
D:1 *   D:4 *

Annotations:
D:3 Robin


Innate Abilities, Weirdness & Mutations

You have a pair of horns on your head.
You reflexively headbutt those who attack you in melee.


Message History

The hobgoblin attacks as you move away! The hobgoblin hits you.
You take 2 damage, and have 59/61 hp.
The hobgoblin attacks as you move away! You block the hobgoblin's attack.
You hit the hobgoblin.
The hobgoblin is moderately wounded.
The hobgoblin hits you but does no damage.
The hobgoblin barely misses you.
You closely miss the hobgoblin.
The hobgoblin is moderately wounded.
You block the hobgoblin's attack.
Robin roars a battlecry!
The goblins go into a battle-frenzy!
You barely miss the hobgoblin.
The hobgoblin is moderately wounded.
You block the hobgoblin's attack.
Health restored: 61 You slash the hobgoblin!
You kill the hobgoblin!
You hit the goblin but do no damage. The goblin hits you but does no damage.
The goblin hits you with a +0 club.
You take 5 damage, and have 56/61 hp.
You hit the goblin but do no damage. The goblin hits you with a +0 club.
You take 2 damage, and have 54/61 hp.
You barely miss the goblin. Your headbutt misses the goblin.
The goblin hits you but does no damage.
You barely miss the goblin.
You headbutt the goblin, but do no damage.
The goblin hits you but does no damage.
You hit the goblin.
You kill the goblin!
You slash the ogre!
The ogre is heavily wounded.
Robin's bangles clink loudly.
The ogre hits you with a +0 giant spiked club!!
Robin hits you from afar with a +0 spear.
You take 30 damage, and have 25/61 hp.
MASSIVE DAMAGE!!
You hit the ogre but do no damage.
The ogre is heavily wounded.
The ogre hits you with a +0 giant spiked club!!
You die...

#....g.g.#.##########.
#.########.#..........
#.# #..........#. #g#
###.######.#. #O# #.#
#.#. #g# #.# #.#. #.#
#.# #...
##)##########.# ####
#...gO@.......#
###############


You could see an ogre and Robin.

Vanquished Creatures
  Menkaure (D:6)
  A black bear (D:4)
  A bullfrog (D:6)
  2 scorpions (D:6)
  3 hounds
  An iguana (D:3)
  Ijyb (D:3)
  4 gnolls (D:6)
  2 adders (D:3)
  An ufetubus (D:6)
  2 worms (D:2)
  A dart slug (D:1)
  An orc (D:6)
  6 ball pythons
  3 bats
  12 endoplasms
  2 giant cockroaches (D:1)
  12 goblins
  7 hobgoblins
  7 jackals (D:3)
  3 kobolds (D:1)
  4 quokkas
  2 frilled lizards
  5 rats (D:1)
84 creatures vanquished.

Vanquished Creatures (others)
  A fungus (D:3)
  A plant (D:3)
2 creatures vanquished.

Grand Total: 86 creatures vanquished

Notes
Turn   | Place    | Note
-------+----------+-------------------------------------------
     0 | D:1      | backslashecho the Minotaur Fighter began the quest for the
                  | Orb.
     0 | D:1      | Reached XP level 1. HP: 19/19 MP: 0/0
   154 | D:1      | Reached XP level 2. HP: 27/27 MP: 1/1
   171 | D:1      | Reached skill level 3 in Axes
   440 | D:2      | Reached skill level 1 in Unarmed Combat
   575 | D:2      | Reached XP level 3. HP: 30/33 MP: 2/2
   904 | D:1      | Found Kionipuj's General Store.
   926 | D:1      | Bought 2 potions of curing for 66 gold pieces
   926 | D:1      | Bought a scroll of teleportation for 33 gold pieces
  1476 | D:3      | Found a broken altar of Ashenzari.
  1555 | D:3      | You fall into a shaft and drop 3 floors!
  1561 | D:6      | Noticed a bullfrog
  1571 | D:6      | Killed a bullfrog
  1572 | D:6      | Reached skill level 4 in Axes
  1572 | D:6      | Reached XP level 4. HP: 25/41 MP: 3/3
  1572 | D:6      | Noticed a scorpion
  1577 | D:6      | Reached XP level 5. HP: 20/47 MP: 4/4
  1583 | D:6      | Found a staircase to the Ecumenical Temple.
  1593 | Temple   | Entered the Ecumenical Temple
  1760 | D:6      | Found a sparkling altar of Nemelex Xobeh.
  1770 | D:6      | Reached skill level 5 in Axes
  1770 | D:6      | Reached XP level 6. HP: 55/55 MP: 5/5
  1817 | D:6      | Noticed Menkaure
  1825 | D:6      | Killed Menkaure
  1826 | D:6      | Reached skill level 5 in Fighting
  1826 | D:6      | Reached skill level 5 in Armour
  1826 | D:6      | Reached skill level 5 in Shields
  1920 | D:6      | Reached skill level 1 in Throwing
  1987 | D:6      | HP: 1/56 [iguana (6)]
  2013 | D:5      | Entered Level 5 of the Dungeon
  2303 | D:4      | Found Wudahe's Gadget Gallery.
  2318 | D:4      | Reached skill level 6 in Axes
  2322 | D:4      | Reached XP level 7. HP: 54/61 MP: 6/6
  2362 | D:4      | Found a blossoming altar of Fedhas.
  2740 | D:3      | Found a faded altar of an unknown god.
  2851 | D:3      | Noticed Robin
  2852 | D:3      | Noticed Ijyb
  2855 | D:3      | Killed Ijyb
  2900 | D:3      | Slain by an ogre

Illustrated notes

Levels and vault maps discovered:
D:1:      dpeg_arrival_triangle_fractal, layout_rooms, serial_shops,
          nicolae_shop_crystal, minmay_strange_pillars
D:2:      layout_loops_corners
D:3:      layout_basic, old_standard_altar, dreamdust_ecumenical_altar_grove,
          st_stairs_12, hangedman_decor_growths, nicolae_goblin_pals
D:4:      gammafunk_steamed_eel, layout_basic, overflow_temple_1_default,
          nicolae_shop_gadgets
D:5:      layout_basic, nicolae_qazlal_beasts_of_the_sky, minmay_fire_ice_demons
D:6:      layout_basic, mainiacjoe_overflow_paths, kennysheep_little_box,
          minmay_temple_entry_junction, ebering_ghost_disaster_area,
          uniq_menkaure
Temple:   corrupted_temple

Skill      XL: |  1  2  3  4  5  6 |
---------------+-------------------+-----
Axes           | 3 4 5 6 |  6.5
Unarmed Combat | 1 |  1.0
Shields        | 4 5 |  5.0
Armour         | 4 5 |  5.5
Fighting       | 4 5 |  5.5
Throwing       | 1 |  1.9

Action                     |  1- 3 |  4- 6 |  7- 9 || total
---------------------------+-------+-------+-------++-------
  Melee: War axe           |    92 |    41 |    53 ||   186
         Headbutt          |    20 |     4 |     7 ||    31
  Throw: Dart              |     1 |     3 |       ||     4
    Use: Scroll            |     2 |     1 |     2 ||     5
         Potion            |     1 |     2 |       ||     3
 Armour: Scale mail        |    42 |    31 |    28 ||   101
         Skin              |       |     3 |       ||     3
  Dodge: Dodged            |    42 |    31 |    16 ||    89
  Block: Buckler           |    19 |    14 |     9 ||    42

Table legend: (Time is in decaauts)
 A = Elapsed time spent in this place.
 B = Non-inter-level travel time spent in this place.
 C = Inter-level travel time spent in this place.
 D = Time resting spent in this place.
 E = Time spent auto-exploring this place.
 F = Levels seen in this place.
 G = Mean time per level.
                   A        B        C        D        E       F      G
               +--------+--------+--------+--------+--------+-----+--------+
         Total |   2939 |   2838 |    101 |    311 |   1858 |   7 |  419.9 |
       Dungeon |   2803 |   2718 |     85 |    311 |   1746 |   6 |  467.2 |
        Temple |    135 |    119 |     16 |      0 |    112 |   1 |  135.0 |
               +--------+--------+--------+--------+--------+-----+--------+

Top non-repeatable levels by time:
     D:2: 856 daAuts
     D:1: 579 daAuts
     D:3: 548 daAuts
     D:6: 324 daAuts
     D:5: 284 daAuts
     D:4: 209 daAuts
  Temple: 135 daAuts
